Map: Mist Opportunities

Players

NamroodTuo

  • Race: Zerg Zerg

wasp

  • Race: Protoss Protoss
  • Spawn Location: 5:00

VOD

Have the link to the VOD?

Description

Time

  • Played on: March 25, 2023, 4:31 p.m.
  • Length: 30:03
Show
View Real Time Build Order
Export as new Build Order

NamroodTuo Zerg 

Build Orders:  

Get SALT Encoding   

  12  0:14  Overlord  
  12  0:24  Infested SCV  
  12  0:26  Infested SCV  
  14  0:36  Infested SCV  
  15  0:41  Infested SCV  
  16  0:55  Infested Barracks  
  16  1:03  Infested SCV  
  17  1:10  Overlord  
  17  1:22  Infested SCV  
  18  1:30  Infested Refinery  
  18  1:33  Infested Refinery  
  18  1:56  Infestation Level 1  
  18  1:59  Infested SCV  
  19  2:19  Infested Engineering Bay  
  19  2:20  Infested SCV  
  19  2:21  Infested SCV  
  19  2:28  Infested SCV  
  22  2:42  Infested SCV  
  23  3:12  Infested SCV  
  23  3:14  Overlord  
  24  3:29  Infested Barracks, Infested Barracks Tech Lab  
  24  3:47  Overlord  
  24  3:56  Anaerobic Enhancement  
  24  4:12  Infested SCV x2  
  26  4:30  Infested Marine x2  
  26  4:31  Infested Marine x4  
  26  4:32  Infested Marine  
  26  4:33  Infested Marine x2  
  26  4:35  Infested SCV x2  
  37  4:45  Infested Factory  
  37  4:56  Infestation Level 2  
  37  5:20  Retinal Augmentation  
  37  5:34  Infested SCV  
  37  5:35  Infested SCV x2  
  40  5:48  Unknown  
  31  6:16  Infested Armory  
  31  6:19  Infested Factory Tech Lab  
  31  6:22  Plagued Munitions  
  31  6:34  Infested Command Center  
  31  6:38  Overlord  
  31  6:39  Infested SCV  
  32  6:56  Broodling Gestation  
  32  7:00  Infested Bunker  
  32  7:09  Infested SCV x2  
  38  7:15  Infested SCV  
  39  8:00  Infested Refinery  
  39  8:10  Infested Bunker  
  43  8:24  Infested SCV x3  
  46  8:30  Infested Marine x6  
  46  8:31  Infested Marine x14  
  70  9:27  Infested Bunker  
  69  9:42  Overlord  
  69  9:43  Overlord x3  
  69  9:45  Aggressive Incubation  
  50  10:22  Infested Bunker  
  54  10:47  Infested Bunker  
  58  10:51  Infested SCV x3  
  58  10:52  Infested SCV x2  
  63  11:02  Infested Factory  
  63  11:04  Regenerative Plating  
  63  11:16  Infested SCV  
  64  11:23  Infested SCV  
  64  11:29  Infested Refinery  
  65  11:44  Infested Marine  
  65  11:45  Infested Marine x14  
  80  12:15  Calcified Armor  
  80  12:17  Stukov Vehicle and Ship Weapons Level 1  
  79  13:15  Stukov Infantry Weapons Level 1  
  68  14:00  Infested Bunker  
  68  14:17  Infested Factory Tech Lab  
  68  14:19  Saturated Cultures  
  68  14:34  Infested Siege Tank x2, Infested Diamondback  
  68  14:35  Infested Siege Tank, Infested Diamondback  
  68  14:38  Overlord x3  
  68  14:39  Overlord x2  
  83  14:45  Infested Marine  
  83  14:46  Infested Marine x16  
  100  14:57  Stukov Vehicle and Ship Armor Level 1  
  100  15:09  Infested Marine  
  101  15:10  Infested Marine x7  
  106  15:31  Infested Siege Tank  
  106  15:32  Infested Siege Tank x2, Infested Diamondback x2  
  106  15:33  Infested Siege Tank  
  106  15:34  Infested Diamondback  
  106  15:38  Overseer x3  
  124  15:41  Overseer  
  123  15:54  Stukov Infantry Armor Level 1  
  127  16:00  Infested Bunker  
  126  16:19  Overlord x2  
  112  16:20  Overlord  
  112  16:24  Infested SCV  
  112  16:26  Infested SCV  
  112  16:28  Infested SCV  
  111  16:31  Infested SCV  
  111  16:34  Infested SCV  
  113  16:50  Infested SCV  
  114  17:16  Infested Siege Tank  
  114  17:17  Infested Siege Tank, Infested Diamondback  
  123  17:25  Caustic Mucus  
  123  17:33  Acidic Enzymes  
  123  17:37  Stukov Vehicle and Ship Weapons Level 2  
  122  18:15  Infested Diamondback  
  122  18:16  Infested Diamondback x3  
  134  18:35  Stukov Infantry Weapons Level 2  
  134  18:54  Automated Mitosis  
  128  20:00  Infested Marine  
  128  20:01  Infested Marine x12  
  128  20:02  Infested Marine x7  
  148  20:20  Infested Diamondback x4  
  148  20:21  Infested Diamondback x2  
  165  20:37  Infested Diamondback  
  166  20:40  Overlord  
  166  20:41  Overlord x5  
  166  20:47  Stukov Vehicle and Ship Armor Level 2  
  162  21:25  Infested Marine  
  162  21:26  Infested Marine x6  
  162  21:27  Infested Marine x10  
  162  21:45  Stukov Infantry Armor Level 2  
  162  21:50  Infested Siege Tank x2, Infested Diamondback x2  
  162  21:51  Infested Siege Tank  
  177  22:21  Infested Marine  
  177  22:22  Infested Marine x9  
  187  22:34  Infested Diamondback x2  
  187  22:35  Infested Diamondback  
  196  22:59  Infestation Level 3  
  196  23:09  Infested Marine  
  180  23:10  Infested Marine x4  
  180  23:11  Infested Marine x5  
  180  23:12  Infested Marine  
  190  23:28  Infested Siege Tank  
  190  23:29  Infested Siege Tank  
  160  24:30  Infested Marine  
  160  24:31  Infested Marine x10  
  160  24:32  Infested Marine x5  
  160  24:35  Infested Siege Tank x2, Infested Diamondback x2  
  160  24:36  Infested Siege Tank x2  
  179  24:55  Stukov Infantry Weapons Level 3  
  154  26:11  Infested Siege Tank x3, Infested Diamondback x3  
  154  26:12  Infested Siege Tank x2, Infested Diamondback  
  175  26:48  Infested Marine x3  
  175  26:49  Infested Marine x17  
  163  28:51  Infested Siege Tank, Infested Diamondback  
  163  28:52  Infested Siege Tank x3, Infested Diamondback x3  
  163  28:53  Infested Siege Tank, Infested Diamondback  
  184  29:16  Infested Siege Tank  
  184  29:17  Infested Diamondback  
Show
View Real Time Build Order
Export as new Build Order

wasp Protoss 

Build Orders:  

Get SALT Encoding   

  12  0:23  Pylon  
  12  0:24  Probe (Chrono Boost)  
  13  0:37  Probe (Chrono Boost)  
  14  0:51  Probe (Chrono Boost)  
  15  1:00  Gateway  
  15  1:05  Probe (Chrono Boost)  
  16  1:20  Probe (Chrono Boost)  
  17  1:34  Probe (Chrono Boost)  
  17  1:39  Pylon  
  18  1:47  Probe (Chrono Boost)  
  19  2:01  Probe (Chrono Boost)  
  19  2:08  Assimilator  
  20  2:10  Assimilator  
  20  2:13  Zealot  
  20  2:15  Probe (Chrono Boost)  
  23  2:28  Probe (Chrono Boost)  
  24  2:42  Probe (Chrono Boost)  
  25  2:50  Gateway x2  
  25  2:54  Gateway  
  25  3:16  Zealot  
  25  3:18  Zealot  
  29  3:51  Forge  
  29  4:13  Probe (Chrono Boost)  
  30  4:23  Zealot  
  30  4:27  Probe (Chrono Boost)  
  30  4:29  Zealot  
  35  4:30  Zealot  
  35  4:31  Zealot x2  
  35  4:32  Zealot x2  
  45  4:40  Probe (Chrono Boost)  
  46  4:58  Cybernetics Core  
  46  5:12  Zealot  
  46  5:13  Zealot x2  
  50  6:54  Pylon  
  50  6:57  Pylon  
  50  7:01  Pylon  
  50  7:10  Pylon  
  50  7:15  Pylon  
  50  7:22  Pylon  
  50  7:53  Nexus  
  50  8:13  Dragoon  
  50  8:14  Dragoon x5  
  50  8:15  Dragoon x2  
  50  8:17  Dragoon  
  52  10:09  Protoss Ground Weapons Level 1  
  52  10:13  Protoss Air Weapons Level 1  
  52  10:22  Probe (Chrono Boost)  
  53  10:36  Probe (Chrono Boost)  
  54  10:41  Probe (Chrono Boost)  
  55  10:54  Probe (Chrono Boost)  
  56  11:01  Assimilator  
  56  11:07  Assimilator  
  56  11:08  Probe (Chrono Boost)  
  57  11:21  Probe (Chrono Boost)  
  58  11:35  Probe (Chrono Boost)  
  59  11:46  Gateway  
  59  11:49  Probe (Chrono Boost)  
  60  11:50  Gateway  
  60  12:49  Protoss Ground Armor Level 1  
  58  13:10  Zealot  
  58  13:11  Zealot x2  
  58  13:12  Zealot x3  
  58  13:13  Zealot  
  58  13:18  Dragoon x4  
  64  14:12  Zealot x3  
  64  14:13  Zealot x3  
  64  14:14  Zealot x3  
  82  14:55  Dragoon x2  
  82  14:56  Dragoon  
  82  14:57  Dragoon  
  82  14:58  Dragoon  
  82  14:59  Dragoon  
  94  15:00  Dragoon  
  94  15:03  Dragoon  
  94  15:05  Dragoon  
  94  15:07  Dragoon  
  102  15:26  Probe (Chrono Boost)  
  102  15:29  Protoss Shields Level 1  
  103  15:40  Probe (Chrono Boost)  
  104  15:53  Probe (Chrono Boost)  
  105  16:07  Probe (Chrono Boost)  
  106  16:21  Probe (Chrono Boost)  
  107  16:34  Probe (Chrono Boost)  
  108  16:48  Probe (Chrono Boost)  
  109  16:54  Stargate  
  107  17:34  Zealot x2  
  107  17:35  Zealot x2  
  107  17:36  Zealot x3  
  107  17:37  Zealot x3  
  107  17:38  Zealot x3  
  107  17:39  Zealot x2  
  137  18:22  Phoenix  
  137  18:25  Phoenix  
  137  19:45  Dragoon x3  
  137  19:46  Dragoon x3  
  137  19:47  Dragoon  
  151  19:51  Zealot  
  151  19:52  Zealot x3  
  151  19:53  Zealot  
  151  19:55  Zealot  
  151  19:56  Zealot x2  
  157  22:13  Stargate  
  157  22:33  Fleet Beacon  
  157  22:57  Pylon  
  157  23:01  Pylon  
  157  23:04  Pylon  
  157  23:07  Pylon  
  157  23:11  Pylon  
  157  23:33  Pylon  
  157  23:40  Pylon  
  157  23:43  Pylon  
  157  24:20  Pylon  
  157  24:26  Pylon  
  157  24:29  Pylon  
  157  24:33  Pylon  
  157  24:35  Pylon  
  157  24:40  Pylon  
  157  24:46  Pylon  
  157  24:51  Pylon  
  157  25:17  Zealot  
  157  25:18  Zealot x3  
  157  25:19  Zealot x3  
  171  25:20  Zealot x2  
  171  25:26  Dragoon x3  
  171  25:27  Dragoon x2  
  171  25:29  Dragoon  
  187  27:21  Dragoon x2  
  187  27:22  Dragoon x3  
  187  27:23  Dragoon  
Tags
 
Add a new tag
Caveats
  • Supply blocks, unpowered buildings, or Contaminate may cause inaccurate times.
  • Supply counts are checked every 10 seconds.